[Event "69th RUS-ch Women Higher League 2019"]
[Site "Yaroslavl"]
[Date "2019.06.27"]
[Round "1.1"]
[White "Komiagina, Maria"]
[Black "Galliamova, Alisa"]
[Result "0-1"]
[ECO "B90"]
[WhiteElo "2254"]
[BlackElo "2444"]
[Annotator "NA"]
[PlyCount "110"]
[EventDate "2019.06.27"]
[EventType "swiss"]
[EventCountry "RUS"]
[SourceTitle "playchess.com"]
[Source "ChessBase"]
[SourceQuality "1"]
[TimeControl "40/5400+30:1800+30"]

1. e4 c5 2. Nf3 d6 3. d4 cxd4 4. Nxd4 Nf6 5. Nc3 a6 6. Bc4 e6 7. Bb3 Nbd7 8. f4 Nc5 9. f5 Be7 10. O-O O-O 11. fxe6 fxe6 12. Nf5 Nxb3 13. Nxe7+ Qxe7 14. axb3 h6 15. Qd3 Bd7 16. Be3 Bc6 17. Rad1 Rad8 18. Bb6 Rd7 19. Qe2 Qe8 20. Rd3 Qg6 21. Rg3 Qe8 22. Rd3 e5 23. Rdf3 Rdf7 24. h3 Bb5 25. Nxb5 axb5 26. Rc3 d5 27. Rc7 Rxc7 28. Bxc7 Nxe4 29. Rxf8+ Kxf8 30. c4 bxc4 31. bxc4 Qc6 32. Bxe5 dxc4 33. Bd4 Qd5 34. Qe3 Kg8 35. Bb6 Qd1+ 36. Kh2 Qd6+ 37. Kg1 Qd1+ 38. Kh2 Qd3 39. Qf4 Qd6 40. Qxd6 Nxd6 41. Kg3 Kf7 42. Kf4 Ke6 43. h4 g6 44. g4 Kd5 45. Bd8 b5 46. Ba5 Nb7 47. Bc3 Nc5 48. Ke3 h5 49. gxh5 gxh5 50. Kf4 b4 51. Bf6 Ne6+ 52. Ke3 b3 53. Bh8 Nc5 54. Kf4 Ne4 55. Ke3 c3 {[%emt 0:00:42] Kd4+ Ke5+} 0-1

[Event "69th RUS-ch Women Higher League 2019"]
[Site "Yaroslavl"]
[Date "2019.06.27"]
[Round "1.2"]
[White "Bodnaruk, Anastasia"]
[Black "Chernyak, Viktoria"]
[Result "1-0"]
[ECO "B12"]
[WhiteElo "2440"]
[BlackElo "2253"]
[Annotator "NA"]
[PlyCount "83"]
[EventDate "2019.06.27"]
[EventType "swiss"]
[EventCountry "RUS"]
[SourceTitle "playchess.com"]
[Source "ChessBase"]
[SourceQuality "1"]
[TimeControl "40/5400+30:1800+30"]

1. e4 c6 2. d4 d5 3. e5 Bf5 4. Nf3 e6 5. Be2 Nd7 6. O-O h6 7. c3 a5 8. a4 Ne7 9. Ne1 Bh7 10. Nd3 Nf5 11. Nf4 Be7 12. Bd3 Bg5 13. Na3 Nf8 14. Nh5 Bxc1 15. Rxc1 Rg8 16. c4 Qh4 17. Bxf5 Bxf5 18. Ng3 Bh7 19. f4 Qe7 20. f5 Nd7 21. fxe6 Qxe6 22. cxd5 Qxd5 23. Nc4 O-O-O 24. Rxf7 Kb8 25. Re7 c5 26. e6 Nf8 27. Nxa5 Nxe6 28. Nxb7 Rc8 29. dxc5 Nd4 30. b4 Bg6 31. Nd6 Rcd8 32. Ne2 Nf3+ 33. Kh1 Qh5 34. gxf3 Qxf3+ 35. Kg1 Rgf8 36. Ng3 Qf4 37. Kh1 Qh4 38. Qe2 Bd3 39. Rb7+ Ka8 40. Qxd3 Rxd6 41. cxd6 Kxb7 42. Rc7+ 1-0

[Event "69th RUS-ch Women Higher League 2019"]
[Site "Yaroslavl"]
[Date "2019.06.27"]
[Round "1.3"]
[White "Garifullina, Leya"]
[Black "Shuvalova, Polina"]
[Result "0-1"]
[ECO "B30"]
[WhiteElo "2246"]
[BlackElo "2418"]
[Annotator "NA"]
[PlyCount "111"]
[EventDate "2019.06.27"]
[EventType "swiss"]
[EventCountry "RUS"]
[SourceTitle "playchess.com"]
[Source "ChessBase"]
[SourceQuality "1"]
[TimeControl "40/5400+30:1800+30"]

1. e4 c5 2. Nf3 Nc6 3. Bb5 d6 4. Bxc6+ bxc6 5. O-O e5 6. c3 Bg4 7. h3 Bxf3 8. Qxf3 g6 9. d3 Bg7 10. Na3 Ne7 11. Bg5 O-O 12. Bf6 Rb8 13. Nc4 Qd7 14. Rae1 Qe6 15. Bxg7 Kxg7 16. Qg4 Qxg4 17. hxg4 Nc8 18. Re2 f6 19. f4 exf4 20. Rxf4 Rb7 21. Ref2 h6 22. Na5 Rc7 23. Nb3 Rff7 24. R4f3 Nb6 25. d4 cxd4 26. Nxd4 Rce7 27. Nxc6 Rxe4 28. Rf4 d5 29. Nb4 a5 30. Nd3 Nc4 31. Nc5 Re1+ 32. Kh2 g5 33. Rd4 Ne3 34. Nd3 Rd1 35. Rf3 Re7 36. Nf2 Rb1 37. Rd3 Nc4 38. Rxd5 Rxb2 39. Rdf5 Ne5 40. Re3 Kg6 41. Kg3 Rxa2 42. Ne4 Nxg4 43. Kxg4 Rxe4+ 44. Rxe4 Rxg2+ 45. Kf3 Kxf5 46. Ra4 Rc2 47. Rxa5+ Kg6 48. Rc5 h5 49. Rc8 h4 50. Kg4 Rg2+ 51. Kh3 Rg3+ 52. Kh2 g4 53. c4 Rc3 54. c5 Rc2+ 55. Kg1 Kf5 56. Rh8 0-1

[Event "69th RUS-ch Women Higher League 2019"]
[Site "Yaroslavl"]
[Date "2019.06.27"]
[Round "1.4"]
[White "Kovalevskaya, Ekaterina"]
[Black "Schepetkova, Margarita"]
[Result "1/2-1/2"]
[ECO "A07"]
[WhiteElo "2413"]
[BlackElo "2241"]
[Annotator "NA"]
[PlyCount "107"]
[EventDate "2019.06.27"]
[EventType "swiss"]
[EventCountry "RUS"]
[SourceTitle "playchess.com"]
[Source "ChessBase"]
[SourceQuality "1"]
[TimeControl "40/5400+30:1800+30"]

1. Nf3 d5 2. g3 c6 3. Bg2 Nf6 4. O-O Bg4 5. d3 Nbd7 6. Nbd2 e5 7. h3 Bh5 8. e4 dxe4 9. dxe4 Bc5 10. Qe1 O-O 11. Nh4 a5 12. a4 b5 13. Nb3 Bb4 14. Bd2 bxa4 15. Rxa4 Nb6 16. Bxb4 Nxa4 17. Bxf8 Qxf8 18. Nxa5 Qc5 19. b4 Qxc2 20. Qc1 Qxc1 21. Rxc1 c5 22. Ra1 Nc3 23. bxc5 Ne2+ 24. Kh2 Nd4 25. f4 g5 26. fxe5 Nd7 27. Nf5 Nc6 28. Nxc6 Rxa1 29. Nce7+ Kf8 30. c6 Nb6 31. Nd5 Na8 32. Nd4 Rd1 33. Nb5 Rc1 34. g4 Bg6 35. c7 Ke8 36. Nd6+ Kd7 37. c8=Q+ Rxc8 38. Nxc8 Kxc8 39. Kg3 Nc7 40. h4 gxh4+ 41. Kxh4 Ne6 42. g5 Kd8 43. Nf6 Nc5 44. Bh3 Bxe4 45. Nxe4 Nxe4 46. Bf5 Nc5 47. Kh5 Nd7 48. e6 fxe6 49. Bxe6 Ne5 50. Bd5 Ke7 51. Kh6 Kd6 52. Bg8 Nf3 53. Bxh7 Nxg5 54. Kxg5 1/2-1/2

[Event "69th RUS-ch Women Higher League 2019"]
[Site "Yaroslavl"]
[Date "2019.06.27"]
[Round "1.5"]
[White "Shafigullina, Zarina"]
[Black "Bivol, Alina"]
[Result "1-0"]
[ECO "E62"]
[WhiteElo "2240"]
[BlackElo "2391"]
[Annotator "NA"]
[PlyCount "95"]
[EventDate "2019.06.27"]
[EventType "swiss"]
[EventCountry "RUS"]
[SourceTitle "playchess.com"]
[Source "ChessBase"]
[SourceQuality "1"]
[TimeControl "40/5400+30:1800+30"]

1. d4 Nf6 2. Nf3 g6 3. g3 Bg7 4. Bg2 O-O $11 5. c4 d6 6. Nc3 Nc6 7. O-O Rb8 8. h3 Bf5 9. d5 Na5 10. Nd4 Bd7 11. Qd3 c5 12. Nc2 a6 13. Rb1 b5 14. b3 Qc7 15. Bf4 Rfd8 16. g4 Be8 17. cxb5 axb5 18. b4 Nc4 19. bxc5 Qxc5 20. Nb4 Rbc8 21. Rfc1 e5 22. Bg5 Qa7 23. Nc6 Bxc6 24. dxc6 Na3 25. Nxb5 Nxb5 26. Qxb5 e4 27. a4 Re8 28. Be3 Qa8 29. Bb6 Re5 30. Qc4 d5 31. Qb5 Re6 32. c7 Ne8 33. Qa5 Qxa5 34. Bxa5 Be5 35. Rb5 Nxc7 36. Rbc5 Re7 37. e3 f5 38. Bf1 Kf7 39. Bb6 fxg4 40. hxg4 h5 41. g5 Na8 42. Rxc8 Nxb6 43. R8c5 d4 44. exd4 Bxd4 45. Rc7 e3 46. a5 exf2+ 47. Kg2 Nd7 48. Rd1 1-0

[Event "69th RUS-ch Women Higher League 2019"]
[Site "Yaroslavl"]
[Date "2019.06.27"]
[Round "1.6"]
[White "Gritsayeva, Oksana"]
[Black "Khokhlova, Daria"]
[Result "1/2-1/2"]
[ECO "B22"]
[WhiteElo "2381"]
[BlackElo "2234"]
[Annotator "NA"]
[PlyCount "180"]
[EventDate "2019.06.27"]
[EventType "swiss"]
[EventCountry "RUS"]
[SourceTitle "playchess.com"]
[Source "ChessBase"]
[SourceQuality "1"]
[TimeControl "40/5400+30:1800+30"]

1. e4 c5 2. c3 g6 3. d4 cxd4 4. cxd4 d5 $11 5. e5 Bg7 6. Nc3 Nc6 7. Bb5 f6 8. Nf3 Bg4 9. O-O fxe5 10. dxe5 e6 11. h3 Bxf3 12. Qxf3 Nge7 13. Bg5 Qc7 14. Rfe1 Nf5 15. Rac1 O-O 16. Bxc6 bxc6 17. Qd3 Qb6 18. Na4 Qd4 19. Qxd4 Nxd4 20. Be7 Rf5 21. Bd6 Bf8 22. Nc5 Rd8 23. Bxf8 Rdxf8 24. Rcd1 Nb5 25. Nxe6 Re8 26. g4 Rf7 27. Nc5 Rfe7 28. Nd3 g5 29. Kg2 a5 30. h4 h6 31. hxg5 hxg5 32. Re3 Nd4 33. f4 gxf4 34. Nxf4 c5 35. Nxd5 Rxe5 36. Rxe5 Rxe5 37. Nc3 Re3 38. Kf2 Rf3+ 39. Kg2 Re3 40. Na4 Re4 41. Kh3 Ne6 42. Nc3 Rb4 43. b3 Ng5+ 44. Kh4 Nf3+ 45. Kh5 Rd4 46. Rf1 Nd2 47. Rf5 c4 48. Rxa5 cxb3 49. axb3 Nxb3 50. Rb5 Nd2 51. g5 Rd6 52. Rb7 Kf8 53. Rc7 Kg8 54. Ne2 Nf3 55. Nf4 Nxg5 56. Kxg5 Kf8 57. Kf5 Ke8 58. Ke5 Rd7 59. Rc1 Kf7 60. Rh1 Re7+ 61. Kf5 Ke8 62. Nd5 Re2 63. Rh7 Rf2+ 64. Ke6 Re2+ 65. Kd6 Kf8 66. Nf4 Rd2+ 67. Ke5 Rd1 68. Ra7 Re1+ 69. Kf6 Ke8 70. Ng6 Rf1+ 71. Ke6 Re1+ 72. Ne5 Kd8 73. Rh7 Re2 74. Kd6 Rd2+ 75. Kc5 Rc2+ 76. Kd4 Rd2+ 77. Ke3 Rd1 78. Nc6+ Ke8 79. Ke4 Re1+ 80. Kd5 Rd1+ 81. Ke6 Re1+ 82. Ne5 Kd8 83. Rd7+ Kc8 84. Ra7 Kd8 85. Kd5 Rd1+ 86. Kc5 Rc1+ 87. Nc4 Ke8 88. Kd5 Rd1+ 89. Ke6 Re1+ 90. Ne5 Kd8 1/2-1/2

[Event "69th RUS-ch Women Higher League 2019"]
[Site "Yaroslavl"]
[Date "2019.06.27"]
[Round "1.7"]
[White "Bykova, Anastasia"]
[Black "Guseva, Marina"]
[Result "1/2-1/2"]
[ECO "E15"]
[WhiteElo "2229"]
[BlackElo "2379"]
[Annotator "NA"]
[PlyCount "97"]
[EventDate "2019.06.27"]
[EventType "swiss"]
[EventCountry "RUS"]
[SourceTitle "playchess.com"]
[Source "ChessBase"]
[SourceQuality "1"]
[TimeControl "40/5400+30:1800+30"]

1. d4 Nf6 2. c4 e6 3. Nf3 b6 4. g3 Ba6 $11 5. b3 Bb4+ 6. Bd2 Be7 7. Bg2 c6 8. Bc3 d5 9. Nbd2 O-O 10. O-O Nbd7 11. Re1 c5 12. cxd5 exd5 13. Bb2 Bb7 14. Rc1 Re8 15. Ne5 Rc8 16. e4 dxe4 17. Nxe4 Bxe4 18. Bxe4 Nxe4 19. Rxe4 Bf8 20. Re2 Nf6 21. dxc5 Qxd1+ 22. Rxd1 Bxc5 23. Kf1 h5 24. Nd7 Nxd7 25. Rxe8+ Rxe8 26. Rxd7 a5 27. Rd5 g6 28. a4 Kf8 29. Bf6 Rc8 30. Ke2 Be7 31. Bd4 Rc6 32. Rb5 Bd8 33. Kd3 Ke7 34. f3 Kd7 35. g4 hxg4 36. fxg4 Rd6 37. Ke4 Re6+ 38. Re5 Rc6 39. Rd5+ Kc8 40. h3 Bh4 41. Rb5 Kc7 42. Kf4 Re6 43. Kf3 Rc6 44. Ke4 Be1 45. Re5 Kd7 46. Rb5 Kc7 47. Re5 Kd7 48. Rb5 Kc7 49. Re5 1/2-1/2

[Event "69th RUS-ch Women Higher League 2019"]
[Site "Yaroslavl"]
[Date "2019.06.27"]
[Round "1.8"]
[White "Ovod, Evgenija"]
[Black "Lysenko, Margarita"]
[Result "1-0"]
[ECO "B54"]
[WhiteElo "2361"]
[BlackElo "2224"]
[Annotator "NA"]
[PlyCount "99"]
[EventDate "2019.06.27"]
[EventType "swiss"]
[EventCountry "RUS"]
[SourceTitle "playchess.com"]
[Source "ChessBase"]
[SourceQuality "1"]
[TimeControl "40/5400+30:1800+30"]

1. e4 c5 2. Nf3 d6 3. d4 cxd4 4. Nxd4 Nf6 5. f3 e5 6. Nb3 Be6 7. c4 Be7 8. Nc3 O-O 9. Be3 Nc6 10. Be2 a5 11. O-O a4 12. Nd2 Nd4 13. Bd3 Qa5 14. Ne2 Nxe2+ 15. Qxe2 Nd7 16. Kh1 Bd8 17. Nb1 Nc5 18. Bd2 Qa6 19. Na3 Rc8 20. Bc2 Ba5 21. b4 axb3 22. axb3 Bxd2 23. Qxd2 Ra8 24. h3 Rfd8 25. Kh2 Qb6 26. Nb5 Rac8 27. Rfd1 Rd7 28. Qe3 Qd8 29. Rd2 b6 30. Rad1 Nb7 31. Rd3 Rc6 32. Ra1 Nc5 33. Rd2 h6 34. Bd1 g5 35. Rda2 Kg7 36. g3 Rc8 37. Be2 Qe7 38. Ra8 Rxa8 39. Rxa8 Rd8 40. Ra7 Rd7 41. Ra1 Rd8 42. b4 Nd7 43. Rd1 Ra8 44. Qb3 h5 45. Nxd6 g4 46. fxg4 hxg4 47. Bxg4 Bxg4 48. hxg4 Rh8+ 49. Kg1 Kg6 50. Qf3 1-0

[Event "69th RUS-ch Women Higher League 2019"]
[Site "Yaroslavl"]
[Date "2019.06.27"]
[Round "1.9"]
[White "Utiatskaja, Irina"]
[Black "Ambartsumova, Karina"]
[Result "1/2-1/2"]
[ECO "B45"]
[WhiteElo "2192"]
[BlackElo "2359"]
[Annotator "NA"]
[PlyCount "82"]
[EventDate "2019.06.27"]
[EventType "swiss"]
[EventCountry "RUS"]
[SourceTitle "playchess.com"]
[Source "ChessBase"]
[SourceQuality "1"]
[TimeControl "40/5400+30:1800+30"]

1. e4 c5 2. Nf3 e6 3. d4 cxd4 4. Nxd4 Nc6 5. Nc3 d6 6. Be3 Nf6 7. f3 Be7 8. Qd2 O-O 9. O-O-O d5 10. exd5 Nxd5 11. Nxd5 exd5 12. Kb1 Bf6 13. Nb3 Re8 14. Bc5 Be6 15. Nd4 Rc8 16. Nxe6 fxe6 17. f4 b6 18. Bf2 Na5 19. c3 Nc4 20. Bxc4 Rxc4 21. Rhe1 Rc7 22. f5 exf5 23. Rxe8+ Qxe8 24. Qxd5+ Rf7 25. Re1 Qd7 26. Qb3 g6 27. Rd1 Qc6 28. Qd5 Qxd5 29. Rxd5 Re7 30. Kc2 Kf7 31. Bg3 h5 32. h3 Re2+ 33. Rd2 Rxd2+ 34. Kxd2 Ke6 35. b3 Kd5 36. Kd3 Bg7 37. Bf2 Kc6 38. c4 a6 39. Be3 Bf8 40. Bd4 Be7 41. Ke2 Bd8 1/2-1/2

[Event "69th RUS-ch Women Higher League 2019"]
[Site "Yaroslavl"]
[Date "2019.06.27"]
[Round "1.10"]
[White "Voit, Daria"]
[Black "Matveeva, Olga"]
[Result "1-0"]
[ECO "A48"]
[WhiteElo "2339"]
[BlackElo "2189"]
[Annotator "NA"]
[PlyCount "91"]
[EventDate "2019.06.27"]
[EventType "swiss"]
[EventCountry "RUS"]
[SourceTitle "playchess.com"]
[Source "ChessBase"]
[SourceQuality "1"]
[TimeControl "40/5400+30:1800+30"]

1. d4 Nf6 2. Nf3 g6 3. c4 Bg7 4. Nc3 O-O 5. Bg5 c5 6. d5 h6 7. Bh4 d6 8. e3 g5 9. Bg3 Nh5 10. Nd2 Nxg3 11. hxg3 Na6 12. Bd3 f5 13. a3 Nc7 14. Qc2 e6 15. dxe6 Bxe6 16. e4 f4 17. gxf4 Rxf4 18. Nf1 b5 19. cxb5 c4 20. Be2 a6 21. bxa6 Nxa6 22. Ne3 Rc8 23. Rd1 Qf8 24. Ncd5 Rxf2 25. Ne7+ Qxe7 26. Kxf2 Qf7+ 27. Ke1 Be5 28. Rxh6 Bg3+ 29. Kd2 c3+ 30. bxc3 Nc5 31. Rf1 Qb7 32. Rg6+ Kh7 33. Rxe6 Nxe6 34. e5+ Kg8 35. Bg4 Re8 36. exd6 Bf4 37. Rf3 Qd5+ 38. Ke1 Qxd6 39. Qg6+ Ng7 40. Qxd6 Bxd6 41. a4 Re4 42. Ke2 Rxa4 43. Kd3 Bc5 44. Nd5 Ne8 45. Bd7 g4 46. Rg3 1-0

[Event "69th RUS-ch Women Higher League 2019"]
[Site "Yaroslavl"]
[Date "2019.06.27"]
[Round "1.11"]
[White "Markelova, Lubov"]
[Black "Charochkina, Daria"]
[Result "0-1"]
[ECO "A37"]
[WhiteElo "2186"]
[BlackElo "2338"]
[Annotator "NA"]
[PlyCount "60"]
[EventDate "2019.06.27"]
[EventType "swiss"]
[EventCountry "RUS"]
[SourceTitle "playchess.com"]
[Source "ChessBase"]
[SourceQuality "1"]
[TimeControl "40/5400+30:1800+30"]

1. Nf3 c5 2. c4 g6 3. Nc3 Bg7 4. g3 Nc6 5. Bg2 e6 6. d3 Nge7 7. Bd2 O-O 8. Qc1 d5 9. h4 d4 10. Ne4 b6 11. h5 f5 12. Neg5 h6 13. Nh7 Kxh7 14. hxg6+ Kxg6 15. Bxh6 Bf6 16. Ng5 Rg8 17. Bf3 Bxg5 18. Bxg5 Rh8 19. Bh4 Rxh4 20. gxh4 Qh8 21. Qg5+ Kf7 22. Kd2 Bd7 23. Bh5+ Kf8 24. Rag1 Ne5 25. Rg3 Nf7 26. Bxf7 Kxf7 27. Qf4 e5 28. Qf3 Bc6 29. e4 dxe3+ 30. Qxe3 Bxh1 0-1

[Event "69th RUS-ch Women Higher League 2019"]
[Site "Yaroslavl"]
[Date "2019.06.27"]
[Round "1.12"]
[White "Solozhenkina, Elizaveta"]
[Black "Filippova, Darya"]
[Result "1-0"]
[ECO "B17"]
[WhiteElo "2324"]
[BlackElo "2174"]
[Annotator "NA"]
[PlyCount "125"]
[EventDate "2019.06.27"]
[EventType "swiss"]
[EventCountry "RUS"]
[SourceTitle "playchess.com"]
[Source "ChessBase"]
[SourceQuality "1"]
[TimeControl "40/5400+30:1800+30"]

1. e4 c6 2. d4 d5 3. Nc3 dxe4 4. Nxe4 Nd7 5. Nf3 Ngf6 6. Nxf6+ Nxf6 7. c3 Bg4 8. h3 Bh5 9. g4 Bg6 10. Ne5 Nd7 11. Nxg6 hxg6 12. d5 Qc7 13. Bg2 cxd5 14. Qxd5 Rb8 15. Bg5 e6 16. Qd4 e5 17. Qxa7 Bc5 18. Qa4 O-O 19. Rd1 b5 20. Qe4 Nf6 21. Qc6 Qa7 22. O-O Rfc8 23. Qf3 Nh7 24. Bc1 Qxa2 25. Rfe1 b4 26. Rxe5 bxc3 27. bxc3 Rb1 28. Re2 Qa1 29. Ree1 Qa4 30. Qd3 Rcb8 31. Be4 Nf6 32. Qxb1 Rxb1 33. Bxb1 Qc4 34. Be3 Ba3 35. Bd4 Nd5 36. Bd3 Qc8 37. c4 Nf4 38. Bf1 Qc6 39. Be5 Ne6 40. Rd3 Bb4 41. Rc1 Bc5 42. Bg2 Qb6 43. Rd2 f6 44. Rb2 Qa6 45. Rb8+ Kh7 46. Ra8 Qb6 47. Bg3 f5 48. Bd5 f4 49. Bh4 Nc7 50. Rd8 g5 51. Be4+ g6 52. Bxg5 Bxf2+ 53. Kg2 Bg3 54. Rc2 Qe3 55. Rd7+ Kg8 56. Bf3 Qc5 57. Bf6 g5 58. Bd4 Qa5 59. Rb2 Na6 60. Bd5+ Kf8 61. Re2 f3+ 62. Kxf3 Qa3+ 63. Re3 {[%emt 0:00:04] Ke7} 1-0

[Event "69th RUS-ch Women Higher League 2019"]
[Site "Yaroslavl"]
[Date "2019.06.27"]
[Round "1.13"]
[White "Nosacheva, Mariya"]
[Black "Belenkaya, Dina"]
[Result "0-1"]
[ECO "B18"]
[WhiteElo "2150"]
[BlackElo "2321"]
[Annotator "NA"]
[PlyCount "72"]
[EventDate "2019.06.27"]
[EventType "swiss"]
[EventCountry "RUS"]
[SourceTitle "playchess.com"]
[Source "ChessBase"]
[SourceQuality "1"]
[TimeControl "40/5400+30:1800+30"]

1. e4 c6 2. d4 d5 3. Nc3 dxe4 4. Nxe4 Bf5 5. Nc5 b6 6. Nb3 e6 7. Nf3 h6 8. g3 Nf6 9. Bg2 Bd6 10. O-O O-O 11. Qe2 a5 12. a4 Qc7 13. c3 Nbd7 14. Nbd2 Nd5 15. Nc4 Be7 16. Nfe5 Nxe5 17. Nxe5 Rac8 18. Re1 Rfd8 19. Qh5 Bf8 20. Be3 c5 21. Qe2 Bd6 22. Nc4 Nxe3 23. fxe3 cxd4 24. Nxd6 d3 25. Nb5 dxe2 26. Nxc7 Rxc7 27. Rxe2 Rcd7 28. Kf2 e5 29. h3 Be6 30. Ke1 Bc4 31. Rf2 Rd3 32. Re2 f5 33. Bc6 R3d6 34. Bb5 Bxe2 35. Bxe2 Rd2 36. b4 Rc2 0-1

[Event "69th RUS-ch Women Higher League 2019"]
[Site "Yaroslavl"]
[Date "2019.06.27"]
[Round "1.14"]
[White "Maltsevskaya, Aleksandra"]
[Black "Chkhan, Viktoria"]
[Result "1-0"]
[ECO "A06"]
[WhiteElo "2316"]
[BlackElo "2141"]
[Annotator "NA"]
[PlyCount "79"]
[EventDate "2019.06.27"]
[EventType "swiss"]
[EventCountry "RUS"]
[SourceTitle "playchess.com"]
[Source "ChessBase"]
[SourceQuality "1"]
[TimeControl "40/5400+30:1800+30"]

1. Nf3 d5 2. g3 Nf6 3. Bg2 Bg4 4. O-O e6 5. d3 c5 6. c3 Nc6 7. a3 a5 8. a4 Be7 9. Na3 O-O 10. Nb5 Rc8 11. h3 Bh5 12. Bf4 Qb6 13. g4 Bg6 14. Bg3 Rfd8 15. Nh4 Na7 16. Nxa7 Qxa7 17. Qb3 c4 18. dxc4 Rxc4 19. Nxg6 hxg6 20. Rfd1 Ne4 21. Bxe4 Rxe4 22. Qb5 Rc4 23. Rd3 Rc5 24. Qb3 Qa6 25. Rad1 Rc4 26. e3 Bf6 27. Qc2 Rdc8 28. Ra1 R4c6 29. Qd1 Rb6 30. Rb1 Qc4 31. b3 Qa6 32. b4 axb4 33. cxb4 Qc4 34. b5 Ra8 35. h4 e5 36. g5 Be7 37. Rxd5 Rxa4 38. Rxe5 Bc5 39. Re8+ Kh7 40. Qd8 1-0

[Event "69th RUS-ch Women Higher League 2019"]
[Site "Yaroslavl"]
[Date "2019.06.27"]
[Round "1.15"]
[White "Shaydullina, Sandugach"]
[Black "Dordzhieva, Dinara"]
[Result "0-1"]
[ECO "E04"]
[WhiteElo "2128"]
[BlackElo "2306"]
[Annotator "NA"]
[PlyCount "140"]
[EventDate "2019.06.27"]
[EventType "swiss"]
[EventCountry "RUS"]
[SourceTitle "playchess.com"]
[Source "ChessBase"]
[SourceQuality "1"]
[TimeControl "40/5400+30:1800+30"]

1. d4 d5 2. Nf3 Nf6 3. c4 e6 4. g3 dxc4 5. Bg2 c6 6. O-O b5 7. Ne5 Bb7 8. b3 cxb3 9. Qxb3 Qxd4 10. Bb2 Qb6 11. a4 Be7 12. a5 Qa6 13. Rc1 O-O 14. Nd3 Nbd7 15. Ba3 c5 16. Bxb7 Qxb7 17. Nxc5 Nxc5 18. Bxc5 Rac8 19. Be3 a6 20. Nc3 Ng4 21. Bd4 Rc4 22. e3 Rfc8 23. h3 Nf6 24. Qd1 h6 25. Ne2 Ne4 26. Rxc4 bxc4 27. h4 Qd5 28. Nf4 Qf5 29. g4 Qb5 30. Qc2 Nd6 31. Qc3 Bxh4 32. f3 Qc6 33. Kg2 Nb5 34. Qc2 Nxd4 35. exd4 Bf6 36. Rd1 Rd8 37. Ne2 Qb5 38. Rb1 Qd5 39. Rb4 Rc8 40. Qc3 Qxa5 41. Rb8 Qc7 42. Rb1 a5 43. Ng3 Qd8 44. Rd1 Qd5 45. Ne4 Be7 46. Qc2 Rb8 47. Nc3 Qc6 48. d5 exd5 49. Nxd5 Bf8 50. Rd4 a4 51. Qe4 Qc5 52. Kh3 a3 53. Nc3 Rc8 54. Qf4 Qc6 55. Kg2 Qe6 56. Re4 Qd6 57. Qf5 Rb8 58. Re2 Qd3 59. Qe5 Bd6 60. Qa5 Bb4 61. Qa7 Rd8 62. Re3 Qd2+ 63. Ne2 a2 64. Re4 Bc3 65. Qa4 a1=Q 66. Qxc4 Bf6 67. Qc6 Qdd1 68. Kg3 Qe1+ 69. Kf4 Bg5+ 70. Kf5 Rd5+ 0-1

[Event "69th RUS-ch Women Higher League 2019"]
[Site "Yaroslavl"]
[Date "2019.06.27"]
[Round "1.16"]
[White "Goltseva, Ekaterina"]
[Black "Bulatova, Kamaliya"]
[Result "1-0"]
[ECO "D37"]
[WhiteElo "2304"]
[BlackElo "2102"]
[Annotator "NA"]
[PlyCount "107"]
[EventDate "2019.06.27"]
[EventType "swiss"]
[EventCountry "RUS"]
[SourceTitle "playchess.com"]
[Source "ChessBase"]
[SourceQuality "1"]
[TimeControl "40/5400+30:1800+30"]

1. d4 Nf6 2. c4 e6 3. Nf3 d5 4. Nc3 a6 5. cxd5 exd5 6. Bg5 Be6 7. e3 Nbd7 8. Bd3 Bd6 9. O-O h6 10. Bh4 c6 11. Re1 Qc7 12. e4 dxe4 13. Nxe4 Nxe4 14. Bxe4 O-O 15. d5 cxd5 16. Bxd5 Bxd5 17. Qxd5 Nb6 18. Qe4 Rac8 19. Rad1 a5 20. a3 Nc4 21. Rc1 Qc6 22. Qxc6 Rxc6 23. Nd4 Rcc8 24. Nf5 Bc5 25. Rxc4 Bxf2+ 26. Bxf2 Rxc4 27. Ne3 Rc6 28. g4 Rd8 29. Re2 Re8 30. Rd2 Rg6 31. Kf1 Rg5 32. Rd4 h5 33. h3 hxg4 34. hxg4 Rc8 35. Rd2 g6 36. Nd5 Rc1+ 37. Ke2 Kf8 38. Kf3 Rc4 39. Nf6 Rb5 40. Ne4 Rb3+ 41. Be3 f5 42. gxf5 gxf5 43. Nd6 Rh4 44. Nxf5 Rh3+ 45. Ke4 Ke8 46. Bd4 a4 47. Rg2 Rh7 48. Rc2 b5 49. Kd5 Kf7 50. Nd6+ Kg6 51. Rg2+ Kh5 52. Bf6 Rc7 53. Nf5 Rd3+ 54. Ke4 1-0

[Event "69th RUS-ch Women Higher League 2019"]
[Site "Yaroslavl"]
[Date "2019.06.27"]
[Round "1.17"]
[White "Kabanova, Ekaterina"]
[Black "Afonasieva, Anna"]
[Result "0-1"]
[ECO "D00"]
[WhiteElo "2099"]
[BlackElo "2303"]
[Annotator "NA"]
[PlyCount "112"]
[EventDate "2019.06.27"]
[EventType "swiss"]
[EventCountry "RUS"]
[SourceTitle "playchess.com"]
[Source "ChessBase"]
[SourceQuality "1"]
[TimeControl "40/5400+30:1800+30"]

1. d4 d5 2. Bf4 Nf6 3. e3 c5 4. c3 Nc6 5. Nd2 g6 6. Ngf3 Bg7 7. dxc5 O-O 8. Be2 Re8 9. O-O e5 10. Bg3 a5 11. a4 Qe7 12. Bb5 Nh5 13. b4 Bg4 14. Qb3 Red8 15. Bh4 f6 16. h3 Be6 17. Bxc6 bxc6 18. Nxe5 d4 19. Qc2 Qc7 20. Nef3 g5 21. Nxd4 Rxd4 22. cxd4 gxh4 23. b5 f5 24. Nf3 Bf6 25. Rab1 Ng7 26. bxc6 Bd5 27. Rb7 Qc8 28. Rfb1 Kf8 29. Qd1 Bxc6 30. R7b6 Bd8 31. R6b2 Be4 32. Rc1 Qe6 33. Rd2 Qd5 34. c6 Bc7 35. Rc5 Qd6 36. Ne5 Rb8 37. Rb5 Bxc6 38. Rxb8+ Bxb8 39. Qb3 Be8 40. Rc2 Qb4 41. Qd5 Qb1+ 42. Kh2 Qxc2 43. f4 Bxe5 44. fxe5 Qxa4 45. Qd6+ Kg8 46. Qd5+ Kh8 47. Qd6 Qb4 48. Qf6 a4 49. d5 a3 50. d6 Kg8 51. Qd8 a2 52. Qa8 Qa4 53. Qd5+ Kh8 54. e6 Nxe6 55. Qxe6 a1=Q 56. Qxf5 Qg7 0-1

[Event "69th RUS-ch Women Higher League 2019"]
[Site "Yaroslavl"]
[Date "2019.06.27"]
[Round "1.18"]
[White "Paramzina, Anastasya"]
[Black "Mukhina, Jana"]
[Result "0-1"]
[ECO "C50"]
[WhiteElo "2300"]
[BlackElo "2090"]
[Annotator "NA"]
[PlyCount "104"]
[EventDate "2019.06.27"]
[EventType "swiss"]
[EventCountry "RUS"]
[SourceTitle "playchess.com"]
[Source "ChessBase"]
[SourceQuality "1"]
[TimeControl "40/5400+30:1800+30"]

1. e4 e5 2. Nf3 Nc6 3. Bc4 Bc5 4. O-O Nf6 5. d3 O-O 6. Re1 h6 7. c3 d6 8. Nbd2 a6 9. Bb3 Be6 10. Bc2 Ng4 11. Re2 Bxf2+ 12. Rxf2 Ne3 13. Qe2 Nxc2 14. Rb1 Bxa2 15. b3 Bxb1 16. Nxb1 N2d4 17. cxd4 Nxd4 18. Nxd4 exd4 19. Nd2 c5 20. Qg4 Qg5 21. Qxg5 hxg5 22. Nc4 f6 23. Nxd6 b6 24. Ra2 Rfd8 25. Nc4 Re8 26. Kf2 Re6 27. Kf3 Kf7 28. Bd2 a5 29. h3 Rh8 30. Ra1 Kg6 31. Be1 f5 32. exf5+ Kxf5 33. Bg3 Rf8 34. Bc7 b5 35. Nd6+ Kg6+ 36. Kg4 Rf4+ 37. Kg3 Re3+ 38. Kh2 Rxd3 39. Nxb5 Rf2 40. Bxa5 Rxb3 41. Nd6 Rbb2 42. Kg3 Rxg2+ 43. Kf3 Rge2 44. Nc4 Rbc2 45. Ra4 Kf5 46. Nd6+ Ke6 47. Ne8 g6 48. Ra3 Rf2+ 49. Kg4 Rg2+ 50. Kf3 Rcf2+ 51. Ke4 Rf4+ 52. Kd3 Rg3+ {[%emt 0:00:05] Kxd4 Ke5+} 0-1